AoeStats
← Obelix

Arabia

507686471Analyzed
1v1 RM · 14d ago on Sep 19, 2026· 41m 45s· 2 players
Game mode
Random Map
Map size
Tiny (2 player)
Population
200
Speed
Normal
Resources
Standard
Victory
Conquest
Starting age
Dark Age
Ending age
Imperial Age
RankedLock teamsTeams togetherTeam positionsShared explorationLock speedFull tech treeHidden civsTurbo modeCheats
Victory
Defeat
🇹🇼 Inca · Taiwan
903
+15
🇦🇺 Bengalis · Australia
874
-41
Obelix
3:01 Loom
10:21 Feudal Age
10:29 Man-at-Arms
13:34 Fletching
15:58 Horse Collar
16:04 Double-Bit Axe
16:12 Town Watch
23:24 Castle Age
22:14 Padded Archer Armor
22:24 Forging
22:16 Scale Mail Armor
22:47 Gold Mining
24:10 Scale Barding Armor
24:02 Bodkin Arrow
25:07 Bow Saw
25:00 Heavy Plow
25:20 Stone Mining
25:55 Bloodlines
27:31 Elite Skirmisher
28:21 Husbandry
33:02 Gold Shaft Mining
38:44 Imperial Age
36:28 Crossbowman
37:26 Leather Archer Armor
37:49 Iron Casting
39:31 Chain Barding Armor
39:06 Elite Battle Elephant
40:59 Blast Furnace
40:15 Chain Mail Armor
undercat
8:09 Loom
10:39 Feudal Age
12:09 Double-Bit Axe
13:34 Fletching
22:42 Castle Age
23:27 Bodkin Arrow
22:53 Crossbowman
24:08 Thumb Ring
24:29 Padded Archer Armor
24:50 Horse Collar
27:17 Elite Skirmisher
32:28 Imperial Age
31:23 Bow Saw
32:37 Ballistics
32:48 Arbalester
35:32 Wheelbarrow
36:05 Chemistry
36:20 Bracer
37:56 Heavy Plow
39:51 Leather Archer Armor
40:19 Scale Mail Armor
Connection lost

Rejoining the realm…

Still unreachable

The connection could not be restored.

Session expired

The server has moved on; the page needs a fresh start.